FIQ, neutral male gnomish Wizard ----- ------ |...| |....| ##....| #..{...### #### --------------- # |...+ ####|^...| # ##|.............| -------------### ---.- # |....| ### # |.............| |...........|# # ### |..(.|##############..............| |...........|# # # -.--|-# ### |.............| |...........|###################@################|.....{.......| |...........|# # # k # # ###----.---------- #-.....>.....-# # ###### ### # ## ###-------------# # # # # ### # # # ###################`######### ### # # ### -.-----|--- # ## # # |...{.....| -----# ------.--###############-.........| |[..-# |.......|# |.........| |)<.| |.......|# ----------- |...| |........# ----- --------- FIQ the Evoker Experience level: 1 Strength: 10 Dexterity: 12 Constitution: 12 Intelligence: 19 Wisdom: 10 Charisma: 12 Health: 0(11) Energy: 8(8) Def: 1 Gold: 309 Moves: 827 Dungeon seed: YD5ukMeHOvlXlF6Y Game ID: FIQ_1469134270 Your Inventory: Coins $ - 309 gold pieces Weapons a - a blessed +1 quarterstaff (weapon in hands) Armor e - an uncursed +0 cloak of magic resistance (being worn) Comestibles o - an uncursed lichen corpse p - an uncursed food ration Scrolls i - an uncursed scroll of identify j - a blessed scroll of create monster k - a blessed scroll of enchant armor Spellbooks l - a blessed spellbook of force bolt m - an uncursed spellbook of charm monster Potions f - an uncursed potion of enlightenment g - a blessed potion of restore ability h - an uncursed potion of levitation Rings c - an uncursed +1 ring of adornment d - an uncursed +3 ring of gain strength Wands b - a wand of cancellation (0:7) Gems n - an uncursed jade stone q - an uncursed worthless piece of yellow glass Spells and supernatural/magical abilities: Name Level Category Fail Memory a - force bolt 1 attack 0% 96% e - charm monster 3 enchantment 37% 96% W - pray for help -- divine ? -- Your skills at the end: Fighting Skills wands [Basic] Weapon Skills quarterstaff [Basic] Spellcasting Skills attack spells [Basic] enchantment spells [Basic] Final Attributes: You were nominally aligned. You were magic-protected. You had infravision. You are dead. Vanquished creatures: 4 jackals a sewer rat 4 grid bugs a lichen 4 newts 14 creatures vanquished. Voluntary challenges: You were an atheist. You used a wielded weapon 14 times, starting on turn 38. You were illiterate. You never genocided any monsters. You never polymorphed an object. You never changed form. You used no wishes. You never split a pudding. You never wrote Elbereth's name. You never violated your personal moral code. Dungeon overview: The Dungeons of Doom: levels 1 to 3 Level 1 a long staircase Level 2 <- You were here some fountains Level 3 History has recorded: On T:1 you entered the Dungeons of Doom to retrieve the Amulet of Yendor! On T:411 you reached level 2 of The Dungeons of Doom. On T:478 you reached level 3 of The Dungeons of Doom. Score breakdown: Gold: 309 ( 8474 points) Experience: 1 level ( 0 points) Exploration: 3 levels ( 5.88%) ( 6000 points) Discoveries: 1 item ( 0.34%) ( 1761 points) Valuables value: (no points given unless you survive) Artifact value: 0 ( 0 points) Variety of kills: 5 monsters ( 1.31%) ( 3427 points) Turncount: 827 turns ( 0 points) Survival: died (score multiplied by 80%) Total score: 15729 Latest messages: The sewer rat bites! You miss the sewer rat. The sewer rat bites! You kill the sewer rat! Your body seems to unfade... The door resists! The door opens. $ - 9 gold pieces. The door resists! (2x) The door opens. With great effort you move the boulder. You stop exploring. (3x) The force bolt misses the kobold. You don't have enough energy to cast that spell. The kobold hits! You miss the kobold. (2x) The kobold hits! You miss the kobold. (2x) The kobold hits! You miss the kobold. (6x) The kobold hits! (2x) You die... Final status: Goodbye FIQ the Wizard, killed by a kobold... You died in The Dungeons of Doom on dungeon level 2 with 15729 points, and 309 pieces of gold, after 827 moves. You were level 1 with a maximum of 11 hit points when you died.